Map: [ESL] Alcyone

Players

Cham - Winner!

  • Race: Zerg Zerg
  • Spawn Location: 1:00

DisK

  • Race: Protoss Protoss
  • Spawn Location: 7:00

Event: ESL SC2 Masters 2024 Spring (Regional)

VOD

Have the link to the VOD?

Description

Time

  • Played on: May 3, 2024, 2:36 p.m.
  • Length: 18:12

All games in this series

Show
View Real Time Build Order
Export as new Build Order

Cham Zerg - Winner!

Build Orders: Hatch First 

Get SALT Encoding   

  12  0:00  Drone  
  13  0:13  Overlord  
  13  0:17  Drone  
  14  0:32  Drone x2  
  16  0:48  Hatchery  
  15  0:51  Drone  
  15  0:55  Drone  
  17  0:58  Drone  
  18  1:12  Spawning Pool  
  18  1:13  Extractor  
  18  1:16  Drone  
  17  1:19  Drone  
  18  1:31  Drone  
  20  1:40  Drone  
  20  1:51  Drone  
  21  1:59  Queen  
  21  2:00  Queen  
  25  2:01  Drone x2  
  27  2:11  Drone  
  27  2:12  Overlord  
  28  2:31  Zergling x4  
  30  2:39  Queen  
  30  2:41  Hatchery  
  30  2:42  Drone  
  32  2:45  Drone  
  32  2:47  Queen  
  32  2:51  Overlord  
  35  2:54  Drone  
  36  3:02  Overlord  
  36  3:11  Drone x5  
  41  3:14  Drone x2  
  41  3:15  Drone  
  44  3:23  Queen  
  44  3:27  Queen  
  46  3:30  Drone  
  46  3:32  Overlord  
  49  3:36  Drone  
  50  3:42  Drone x2  
  50  3:44  Overlord  
  52  3:50  Drone x2  
  52  3:51  Drone  
  52  3:52  Drone x3  
  52  3:55  Queen  
  60  3:58  Overlord  
  60  4:02  Overlord  
  60  4:11  Lair  
  60  4:12  Roach Warren  
  60  4:15  Drone x3  
  62  4:17  Zergling x2  
  62  4:18  Drone  
  62  4:21  Overlord  
  62  4:22  Drone  
  65  4:24  Drone  
  65  4:25  Drone  
  65  4:27  Drone x2  
  65  4:29  Drone  
  65  4:31  Drone  
  71  4:35  Overlord  
  71  4:40  Drone x2  
  73  4:50  Overlord, Extractor  
  72  4:54  Drone x3, Hatchery  
  72  4:55  Zergling x10  
  78  5:00  Metabolic Boost  
  78  5:06  Zergling x4  
  78  5:07  Zergling x4  
  80  5:20  Zergling x8  
  84  5:23  Glial Reconstitution  
  84  5:25  Drone  
  84  5:26  Zergling x4, Overlord x2, Hatchery  
  86  5:28  Evolution Chamber  
  86  5:35  Overlord  
  83  5:36  Overlord  
  83  5:42  Zergling x8  
  84  5:43  Zergling x2  
  84  5:45  Drone x2  
  84  5:46  Overlord  
  84  5:47  Zergling x2  
  84  5:49  Zergling x2  
  89  5:54  Overlord  
  89  5:56  Zerg Missile Weapons Level 1  
  89  5:58  Roach x3, Overlord  
  89  5:59  Roach  
  89  6:01  Roach  
  89  6:04  Roach  
  101  6:06  Roach  
  101  6:07  Overlord  
  101  6:10  Overlord  
  103  6:12  Overlord  
  103  6:14  Roach x2  
  103  6:15  Roach  
  109  6:19  Overlord  
  109  6:22  Roach, Overlord  
  109  6:24  Overlord  
  111  6:29  Roach x2  
  111  6:30  Roach  
  117  6:37  Roach  
  117  6:38  Zergling x10  
  122  6:40  Zergling x2, Overlord  
  122  6:46  Roach x2, Zergling x4  
  128  6:48  Roach  
  130  7:00  Zergling x2, Drone x3  
  130  7:01  Roach x2, Zergling x6  
  138  7:02  Zergling x6  
  138  7:05  Roach, Zergling x4  
  146  7:14  Roach x2, Zergling x4  
  146  7:15  Zergling x6  
  155  7:17  Roach, Zergling x2  
  155  7:18  Zergling x2  
  159  7:26  Roach x2  
  159  7:27  Zergling x4  
  162  7:32  Roach  
  162  7:33  Zergling x16  
  162  7:36  Roach  
  169  7:43  Roach  
  169  7:44  Roach, Zergling x4  
  164  7:46  Zergling x12  
  160  7:53  Zergling x2  
  160  7:54  Zergling x10, Baneling Nest  
  160  7:57  Zergling x2  
  153  7:59  Zergling x4  
  153  8:00  Zergling x4  
  153  8:03  Zergling x4  
  153  8:04  Zergling x2  
  157  8:06  Roach  
  155  8:16  Extractor, Drone x2  
  155  8:17  Extractor, Drone x4  
  155  8:18  Drone x4  
  163  8:24  Drone x3  
  163  8:25  Drone x5  
  171  8:29  Overlord  
  171  8:30  Zerg Melee Weapons Level 1  
  170  8:38  Overlord  
  170  8:39  Centrifugal Hooks  
  170  8:40  Zergling x6  
  170  8:41  Zergling x6  
  175  8:46  Extractor  
  175  8:47  Drone x3  
  175  8:48  Drone x4  
  181  8:54  Overlord, Drone x4  
  185  8:56  Zergling x4  
  185  9:01  Roach x3, Zergling x2  
  185  9:02  Zergling x2  
  192  9:07  Roach x2  
  192  9:08  Zergling x4  
  187  9:19  Baneling x2  
  187  9:21  Zergling x28  
  199  9:26  Baneling x14  
  199  9:29  Baneling x3  
  199  9:34  Baneling x3  
  199  9:38  Overlord  
  199  9:44  Baneling x5  
  199  9:45  Baneling  
  198  9:48  Extractor  
  198  9:49  Spine Crawler x2  
  198  9:50  Zergling x2, Drone x3  
  198  9:52  Baneling x2  
  199  9:53  Baneling x2  
  199  9:54  Baneling  
  199  10:04  Infestation Pit  
  198  10:07  Baneling x3  
  198  10:10  Zergling x2  
  198  10:13  Extractor  
  198  10:16  Baneling  
  198  10:17  Baneling x5  
  198  10:21  Zergling x4  
  191  10:32  Zergling x6  
  191  10:33  Zergling x44  
  191  10:34  Zergling x4  
  197  10:38  Zergling x2  
  197  10:39  Zergling x4  
  196  10:45  Baneling x4  
  196  10:46  Baneling x2  
  192  10:53  Hive  
  192  10:54  Baneling x3  
  192  10:55  Baneling x9  
  186  10:59  Extractor  
  186  11:00  Spine Crawler  
  186  11:02  Zergling x32  
  186  11:03  Baneling  
  186  11:04  Baneling x5  
  200  11:09  Overlord  
  200  11:18  Zergling x6  
  198  11:19  Zergling x2  
  198  11:23  Zerg Ground Armor Level 1  
  196  11:27  Zergling x6, Evolution Chamber  
  196  11:31  Zergling x2  
  199  11:34  Baneling x6  
  199  11:35  Baneling x11  
  199  11:37  Spine Crawler  
  199  11:38  Spine Crawler  
  199  11:39  Spine Crawler  
  196  11:41  Baneling x6  
  196  11:43  Zergling x4  
  196  11:44  Zergling x2  
  199  11:47  Hatchery  
  199  11:49  Baneling x2  
  199  11:50  Baneling x6  
  198  11:57  Zergling x2  
  199  12:08  Zerg Melee Weapons Level 2, Ultralisk Cavern  
  195  12:22  Baneling  
  195  12:23  Baneling x11  
  195  12:29  Overlord  
  192  12:36  Overseer  
  192  12:37  Zergling x10  
  192  12:38  Baneling x3  
  192  12:39  Baneling x4  
  192  12:40  Zergling x2  
  198  12:49  Drone  
  198  12:50  Extractor, Drone  
  199  12:52  Drone  
  199  12:58  Chitinous Plating  
  151  13:43  Ultralisk x3  
  151  13:44  Ultralisk x3  
  151  13:46  Zergling x18  
  151  13:47  Zergling x42  
  197  13:52  Zerg Ground Armor Level 2  
  194  13:59  Ultralisk  
  197  14:04  Baneling x9  
  197  14:05  Zergling x4  
  197  14:07  Zergling x2  
  197  14:10  Baneling x4  
  197  14:11  Zergling x4, Baneling x2  
  197  14:17  Anabolic Synthesis  
  194  14:19  Zergling x16  
  193  14:27  Zergling x6  
  193  14:28  Zergling x24  
  185  14:43  Ultralisk  
  185  14:44  Zergling x24, Ultralisk x2  
  185  14:45  Zergling x14  
  193  14:52  Zergling x2, Ultralisk  
  174  14:59  Zergling x2  
  171  15:00  Zergling x18  
  171  15:03  Infestor  
  182  15:07  Neural Parasite  
  174  15:18  Zergling x4, Ultralisk  
  160  15:26  Drone x2  
  160  15:27  Drone x4  
  160  15:28  Overseer, Drone  
  160  15:36  Overseer  
  160  15:37  Lair  
  160  15:45  Infestor x2  
  160  15:46  Zergling x2, Infestor  
  160  15:47  Zergling x16  
  175  15:51  Zergling x6  
  175  15:53  Spore Crawler  
  175  15:54  Baneling x3  
  175  15:55  Baneling x3  
  177  16:01  Spore Crawler  
  177  16:04  Infestor  
  176  16:09  Zergling x4  
  176  16:10  Zergling x6  
  183  16:15  Zergling x2  
  183  16:16  Zergling x10  
  183  16:17  Burrow  
  189  16:26  Baneling x3  
  189  16:27  Baneling x4  
  176  16:43  Ultralisk x2  
  176  16:44  Zergling x10  
  176  16:45  Zergling x6  
  124  16:55  Ultralisk  
  124  16:57  Zergling x8  
  123  17:02  Overseer x2  
  123  17:05  Infestor x2  
  123  17:08  Drone  
  128  17:15  Zergling x12  
  133  17:16  Zergling x2, Baneling x2  
  133  17:17  Baneling  
  133  17:18  Zergling x2  
  133  17:19  Zergling x2  
  137  17:26  Ultralisk  
  143  17:34  Zergling x2  
  143  17:35  Zergling x10  
  149  17:41  Zergling x10  
  151  17:44  Zergling x6  
  153  17:52  Zergling x4  
Show
View Real Time Build Order
Export as new Build Order

DisK Protoss 

Build Orders: 1 Gate Expand, Oracle Opening 

Get SALT Encoding   

  12  0:00  Probe  
  13  0:12  Probe  
  14  0:20  Pylon  
  14  0:24  Probe  
  15  0:38  Probe (Chrono Boost)  
  15  0:39  Gateway  
  16  0:47  Probe (Chrono Boost)  
  16  0:48  Assimilator  
  17  0:52  Probe (Chrono Boost)  
  18  1:04  Probe  
  19  1:16  Probe  
  20  1:24  Nexus  
  20  1:33  Cybernetics Core  
  20  1:36  Probe  
  21  1:41  Assimilator  
  21  1:48  Probe  
  21  1:52  Pylon  
  22  2:00  Probe (Chrono Boost)  
  23  2:07  Adept (Chrono Boost)  
  23  2:10  Warp Gate  
  23  2:11  Probe (Chrono Boost)  
  26  2:16  Probe  
  27  2:25  Stargate  
  27  2:28  Probe  
  28  2:32  Stalker (Chrono Boost)  
  28  2:36  Probe  
  31  2:40  Probe  
  32  2:49  Probe  
  33  2:52  Probe  
  34  3:01  Pylon, Probe  
  34  3:05  Oracle (Chrono Boost), Probe  
  39  3:13  Probe  
  39  3:16  Gateway  
  39  3:19  Probe  
  41  3:27  Probe  
  42  3:31  Probe  
  43  3:35  Oracle  
  46  3:43  Nexus  
  46  3:46  Pylon  
  46  3:48  Probe x2  
  48  3:55  Pylon  
  48  4:00  Probe (Chrono Boost)  
  48  4:01  Probe (Chrono Boost)  
  50  4:05  Assimilator  
  50  4:07  Assimilator  
  50  4:12  Probe (Chrono Boost)  
  50  4:14  Shield Battery  
  50  4:15  Oracle  
  55  4:18  Probe (Chrono Boost)  
  55  4:21  Probe (Chrono Boost)  
  56  4:25  Probe (Chrono Boost)  
  56  4:29  Twilight Council  
  56  4:30  Forge  
  56  4:31  Probe  
  58  4:36  Probe (Chrono Boost)  
  59  4:43  Probe (Chrono Boost), Gateway  
  59  4:44  Gateway  
  60  4:49  Probe (Chrono Boost)  
  62  4:52  Probe (Chrono Boost)  
  62  4:54  Probe (Chrono Boost)  
  62  4:56  Adept x2  
  62  4:57  Probe (Chrono Boost)  
  70  5:09  Probe x3 (Chrono Boost)  
  71  5:16  Protoss Ground Weapons Level 1, Robotics Facility  
  71  5:17  Blink  
  74  5:22  Pylon, Probe (Chrono Boost)  
  74  5:24  Probe x2 (Chrono Boost)  
  74  5:27  Probe (Chrono Boost)  
  75  5:31  Probe x2  
  77  5:37  Probe  
  76  5:43  Probe x2  
  76  5:46  Assimilator  
  76  5:48  Assimilator  
  76  5:49  Stalker x4, Probe  
  87  5:55  Probe x2  
  89  6:01  Probe  
  89  6:03  Shield Battery  
  90  6:05  Observer  
  90  6:07  Gateway  
  90  6:08  Robotics Facility  
  90  6:10  Robotics Bay, Gateway  
  91  6:12  Gateway  
  91  6:13  Gateway  
  91  6:14  Pylon  
  91  6:25  Stalker  
  93  6:28  Pylon  
  93  6:29  Pylon x2  
  93  6:40  Stalker x3  
  93  6:46  Photon Cannon  
  99  6:48  Photon Cannon  
  99  6:49  Shield Battery  
  99  6:51  Photon Cannon  
  99  6:53  Shield Battery  
  99  7:01  Colossus (Chrono Boost)  
  109  7:08  Stalker x2  
  109  7:10  Stalker  
  109  7:14  Stalker  
  109  7:15  Stalker  
  117  7:19  Stalker  
  119  7:24  Stalker x2  
  123  7:33  Stalker  
  125  7:37  Colossus (Chrono Boost)  
  125  7:41  Pylon  
  125  7:42  Pylon  
  125  7:43  Stalker x2  
  119  8:00  Stalker x4  
  121  8:06  Pylon  
  121  8:07  Pylon  
  120  8:15  Pylon x2  
  120  8:19  Pylon  
  120  8:21  Gateway  
  120  8:24  Gateway  
  119  8:27  Stalker x5  
  119  8:28  Stalker x3  
  119  8:33  Colossus (Chrono Boost)  
  135  8:35  Colossus (Chrono Boost)  
  147  8:42  Protoss Ground Weapons Level 2 (Chrono Boost)  
  147  8:50  Extended Thermal Lance (Chrono Boost)  
  147  8:53  Stalker  
  149  9:06  Stalker x3  
  149  9:07  Stalker  
  154  9:11  Stalker  
  154  9:22  Pylon  
  154  9:23  Pylon  
  154  9:26  Pylon  
  154  9:30  Templar Archives  
  154  9:50  Pylon  
  154  9:55  Pylon  
  154  9:56  Psionic Storm  
  153  10:00  Photon Cannon  
  153  10:05  Photon Cannon  
  153  10:06  Photon Cannon  
  153  10:08  Shield Battery  
  153  10:09  Pylon  
  153  10:22  High Templar x3  
  153  10:23  High Templar  
  153  10:24  Zealot x5  
  153  10:27  Archon  
  153  10:28  Archon  
  141  10:38  Pylon  
  141  10:45  Warp Prism  
  141  10:46  Disruptor  
  147  10:57  Pylon  
  147  10:58  Charge (Chrono Boost)  
  147  10:59  Stalker  
  147  11:03  High Templar x3  
  155  11:05  Zealot x5  
  155  11:09  Pylon  
  155  11:29  High Templar  
  155  11:30  High Templar  
  159  11:33  Protoss Ground Weapons Level 3 (Chrono Boost)  
  159  11:34  Photon Cannon  
  159  11:37  Photon Cannon  
  159  11:38  Shield Battery  
  159  11:40  Pylon  
  159  11:44  Nexus  
  159  11:47  Pylon  
  159  11:48  High Templar  
  159  11:53  Zealot x5  
  171  11:56  Zealot  
  172  12:15  Dark Shrine  
  172  12:24  Nexus  
  172  12:25  Immortal x2 (Chrono Boost)  
  176  12:32  Pylon  
  176  12:35  Pylon, High Templar x2  
  180  12:41  Zealot x4  
  180  12:42  Zealot x3  
  194  12:56  Gravitic Drive  
  194  12:59  Observer, Immortal  
  199  13:29  Archon  
  189  13:36  Stalker x5  
  199  13:44  Archon  
  197  13:59  Observer  
  195  14:06  Photon Cannon  
  195  14:07  Photon Cannon  
  191  14:10  Cybernetics Core, Photon Cannon  
  191  14:14  Zealot x5  
  145  14:52  Zealot x2, High Templar x5  
  123  14:53  Zealot x2  
  93  15:22  Dark Templar x2  
  93  15:24  Dark Templar x2  
  93  15:25  Dark Templar x2  
  103  15:31  High Templar x3, Immortal x2 (Chrono Boost)  
  117  15:37  Archon  
  117  15:48  Nexus  
  103  16:03  Stalker x6  
  115  16:04  Stalker x3  
  121  16:12  Shield Battery  
  121  16:27  Zealot x3  
  121  16:28  Zealot x4  
  135  16:37  Archon  
  93  16:55  High Templar x5  
  93  16:59  Stalker x2  
  93  17:00  Zealot x2  
  109  17:21  Stalker x2  
  113  17:27  Stalker x2  
  114  17:55  Stalker x2  
  114  17:56  Stalker x2  
  122  18:00  Archon  
Tags
 
Add a new tag
Caveats
  • Supply blocks, unpowered buildings, or Contaminate may cause inaccurate times.
  • Supply counts are checked every 10 seconds.